AoeStats
← Chris

African Clearing

505801286Analyzed
4v4 RM · 21d ago on Sep 11, 2026· 38m 46s· 8 players
Game mode
Random Map
Map size
Large (8 player)
Population
200
Speed
Normal
Resources
Standard
Victory
Conquest
Starting age
Dark Age
Ending age
Imperial Age
RankedLock teamsTeams togetherTeam positionsShared explorationLock speedFull tech treeHidden civsTurbo modeCheats
Victory
Defeat
🇧🇷 Malay · Brazil
1519
+11
🇧🇷 Mapuche · Brazil
1453
+14
🇧🇷 Magyars · Brazil
1433
+15
🇧🇷 Persians · Brazil
1356
+19
🇧🇷 Berbers · Brazil
1435
-16
🇭🇰 Vietnamese · Hong Kong SAR China
1425
-15
🇺🇸 Mongols · United States
1399
-14
🇨🇳 Slavs · China
1383
-14
Chris
10:54 Loom
14:13 Feudal Age
15:14 Double-Bit Axe
18:04 Castle Age
17:45 Fletching
19:30 Bow Saw
21:34 Horse Collar
22:39 Heavy Plow
25:30 Town Watch
25:48 Bodkin Arrow
27:06 Wheelbarrow
28:41 Husbandry
32:44 Padded Archer Armor
32:39 Pikeman
33:19 Squires
34:50 Ballistics
Perseu
10:56 Loom
13:14 Feudal Age
17:38 Castle Age
15:26 Double-Bit Axe
16:44 Fletching
19:33 Bow Saw
19:13 Horse Collar
23:09 Bodkin Arrow
27:06 Ballistics
29:27 Padded Archer Armor
32:28 Wheelbarrow
34:49 Hand Cart
王老吉字花檔
4:06 Loom
13:49 Feudal Age
17:55 Castle Age
16:21 Stone Mining
D哥
7:07 Loom
8:38 Loom
15:26 Feudal Age
19:45 Castle Age
18:48 Double-Bit Axe
21:43 Bow Saw
21:36 Fletching
TmZ_ piccoLo sayajiN-*
9:24 Loom
13:55 Feudal Age
13:33 Double-Bit Axe
15:05 Town Watch
15:52 Fletching
23:41 Padded Archer Armor
30:48 Castle Age
32:36 Bodkin Arrow
32:29 Crossbowman
TmZ_razi
3:00 Loom
12:31 Feudal Age
17:15 Castle Age
15:07 Double-Bit Axe
16:28 Fletching
18:20 Padded Archer Armor
31:44 Ballistics
32:27 Bodkin Arrow
38:17 Town Watch
TmZ_Mosquito Sedutor
4:00 Loom
15:58 Feudal Age
16:48 Double-Bit Axe
18:05 Town Watch
18:04 Horse Collar
20:38 Castle Age
22:56 Gold Mining
23:44 Wheelbarrow
23:32 Bow Saw
24:04 Husbandry
24:14 Bloodlines
27:06 Scale Barding Armor
27:28 Forging
30:00 Chain Barding Armor
30:16 Iron Casting
34:03 Gold Shaft Mining
35:00 Hand Cart
34:45 Stone Mining
37:17 Stone Shaft Mining
TmZ_Zanat
3:52 Loom
13:43 Feudal Age
17:56 Castle Age
15:51 Double-Bit Axe
17:03 Bloodlines
17:27 Gold Mining
18:07 Scale Barding Armor
19:34 Horse Collar
22:02 Town Watch
25:24 Husbandry
28:22 Wheelbarrow
31:02 Heavy Plow
31:18 Bow Saw
31:48 Chain Barding Armor
36:14 Stone Mining
37:00 Gold Shaft Mining
Connection lost

Rejoining the realm…

Still unreachable

The connection could not be restored.

Session expired

The server has moved on; the page needs a fresh start.